 Dungeon Crawl Stone Soup version 0.31-a0-1163-gcee99d1eea (webtiles) character file.

Game seed: 15092304559760095052

331171 daxdoom the Slayer (level 20, -16/211 HPs)
             Began as a Minotaur Berserker on Dec 9, 2023.
             Was the Champion of Trog.
             Demolished by a very large slime creature (22 damage)
             ... on level 1 of the Pits of Slime on Dec 10, 2023.
             The game lasted 05:43:37 (53875 turns).

daxdoom the Slayer (Minotaur Berserker)            Turns: 53875, Time: 05:43:38

Health: -16/211    AC: 22    Str: 28    XL:     20   Next: 86%
Magic:  19/19      EV: 15    Int:  4    God:    Trog [******]
Gold:   456        SH:  0    Dex: 13    Spells: 19/19 levels left

rFire   + + .        b - +12 lance "Wyrmbane" {slay drac, rPois rF+ rC+ AC+3}
rCold   + + +        B - +5 kite shield
rNeg    + . .        Y - +8 plate armour {rC+}
rPois   +            R - +2 hat
rElec   .            H - scarf {rC+ rF+}
rCorr   +            M - +2 pair of gloves
SInv    +            K - +2 pair of boots {Fly}
Will    +....        y - amulet of reflection Stlth
                     f - ring "Adian" {rN+ rCorr SInv}
HPRegen 0.55/turn    P - +4 ring of protection
MPRegen 0.16/turn

%: reflection
@: confused, about to teleport, corroded, flying
A: horns 2, retaliatory headbutt, subdued magic 1
}: 2/15 runes: barnacled, gossamer
a: Renounce Religion, Berserk, Trog's Hand, Brothers in Arms


You were on level 1 of the Pits of Slime.
You worshipped Trog.
Trog was exalted by your worship.
You visited 10 branches of the dungeon, and saw 40 of its levels.
You visited the Abyss 2 times.
You also visited: Sewer and Gauntlet.

You collected 3336 gold pieces.
You spent 2880 gold pieces at shops.

Inventory:

Hand Weapons
 b - the +12 lance "Wyrmbane" (weapon) {slay drac, rPois rF+ rC+ AC+3}
   (You bought it in a shop on level 1 of the Dungeon)

   AC+3:      It affects your AC (+3).
   rF+:       It protects you from fire.
   rC+:       It protects you from cold.
   rPois:     It protects you from poison
Missiles
 g - 6 throwing nets
Armour
 B - a +5 kite shield (worn)
 H - a scarf of resistance (worn)
 K - a +2 pair of boots of flying (worn)
 M - a +2 pair of gloves (worn)
 N - a +2 cloak of poison resistance
 R - a +2 hat (worn)
 Y - a +8 plate armour of cold resistance (worn)
Jewellery
 f - the ring "Adian" (left hand) {rN+ rCorr SInv}
   (You bought it in a shop on level 6 of the Dungeon)

   [ring of see invisible]

   rN+:       It protects you from negative energy.
   SInv:      It lets you see invisible.
   rCorr:     It protects you from acid and corrosion.
 l - a ring of willpower
 s - a ring of protection from cold
 y - an amulet of reflection (around neck)
 P - a +4 ring of protection (right hand)
Wands
 o - a wand of paralysis (34)
 p - a wand of polymorph (22)
 O - a wand of roots (30)
 Q - a wand of flame (1) (quivered)
 T - a wand of quicksilver (22)
Scrolls
 a - 7 scrolls of teleportation
 c - 3 scrolls of enchant weapon
 t - 3 scrolls of identify
 v - 6 scrolls of poison
 z - 4 scrolls of fear
 A - 4 scrolls of revelation
 F - a scroll of silence
 J - 3 scrolls of summoning
 S - a scroll of blinking
Potions
 d - 2 potions of might
 h - 7 potions of enlightenment
 i - 11 potions of haste
 m - 8 potions of ambrosia
 n - 4 potions of invisibility
 D - 3 potions of resistance
 E - 7 potions of cancellation
 I - 8 potions of curing
 X - 2 potions of magic


   Skills:
 + Level 25.2 Fighting
 - Level 3.7(11.0) Axes
 - Level 15.8(16.0) Polearms
 + Level 25.0 Armour
 - Level 18.0 Dodging
 - Level 15.0 Shields


You had 19 spell levels left.
You didn't know any spells.
Your spell library was empty.

Dungeon Overview and Level Annotations

Branches:
Dungeon (15/15)            Temple (1/1) D:5            Lair (5/5) D:8
 Shoals (4/4) Lair:2       Spider (4/4) Lair:2        Slime (1/5) Lair:5
    Orc (2/2) D:11            Elf (1/3) Orc:2        Vaults (4/5) D:14
  Crypt (0/3) Vaults:3     Depths (2/4) D:15          Sewer (visited)
Gauntlet (visited)

Altars:
Ashenzari
Cheibriados
Dithmenos
Elyvilon
Fedhas
Gozag
Hepliaklqana
Kikubaaqudgha
Makhleb
Nemelex Xobeh
Okawaru
Qazlal
Ru
Sif Muna
Trog
Uskayaw
Vehumet
Wu Jian
Xom
Yredelemnul
Zin
The Shining One
Jiyva

Shops:
D:1 (   D:4 =   D:6 **=   D:7 :   D:8 ?:!   D:11 *   Orc:2 *[(:   Shoals:1 (
Vaults:2 [   Vaults:3 [   Vaults:4 :

Portals:
Hell: Depths:1
Bazaar: Shoals:2

Annotations:
D:14 1 runed translucent door, exclusion: storm dragon
Temple 2 transporters
Depths:2 the Enchantress


Innate Abilities, Weirdness & Mutations

You have a pair of horns on your head.
You reflexively headbutt those who attack you in melee.
Your spells are a little easier to cast, but a little less powerful.


Message History

You are confused.
The large slime creature hits you!!
* * * LOW HITPOINT WARNING * * *
The very large slime creature completely misses you.
The slime creature hits you but does no damage.
Okay, then.
You are too confused!
Okay, then.
You feel better. The acid blob hits you.
* * * LOW HITPOINT WARNING * * *
You are splashed with acid.
You resist.
* * * LOW HITPOINT WARNING * * *
The golden eye blinks at you.
You are confused.
The azure jelly hits you.
* * * LOW HITPOINT WARNING * * *
The azure jelly freezes you. You resist.
* * * LOW HITPOINT WARNING * * *
The azure jelly barely misses you.
The azure jelly hits you but does no damage. x2
The large slime creature hits you but does no damage.
The very large slime creature hits you!
* * * LOW HITPOINT WARNING * * *
The slime creature misses you.
You are too confused!
You closely miss the large slime creature.
The large slime creature is moderately wounded.
The golden eye blinks!
The acid blob barely misses you. The azure jelly barely misses you.
The azure jelly hits you but does no damage. x2
The azure jelly closely misses you.
You bump into the slime covered rock wall.
The large slime creature hits you!
* * * LOW HITPOINT WARNING * * *
The acid blob spits acid at you. The splash of acid hits you! You resist.
* * * LOW HITPOINT WARNING * * *
The acid corrodes you!
The very large slime creature hits you!!
You die...

##...###............
##................#..
#..................#.
##..........#.#......
#.............#.....
#....#.....#...##....
#..##......##......##
#.###J.............#
#.##@J§.............
#..JJJ...............
#....................
#....................
#..........G.......#
#...................
####................
##.......##......
##......# .#....


You could see an acid blob, an azure jelly, a very large slime creature, a large
slime creature, a slime creature and a golden eye (unaware).

Vanquished Creatures
  Sojobo (Vaults:4)
  Xtahua (Vaults:4)
  Saint Roka (Vaults:2)
  Nikola (Depths:1)
  A bone dragon (Abyss:2)
  A lich (Depths:1)
  Mlioglotl (Spider:1)
  A kraken (Shoals:2)
  2 sphinxes
  A tentacled starspawn (Abyss:2)
  Gastronok (Lair:2)
  Kirke (Lair:4)
  The ghost of jotaen the Tortoise, an adept MiFi of Okawaru (Shoals:3)
  3 tengu reavers
  Roxanne (Spider:1)
  A shadow dragon (Vaults:4)
  The ghost of Vetyenn the Bringer of Law, an adept HOFi of Zin (Spider:4)
  An azure jelly (Slime:1)
  2 deep elf sorcerers
  2 fire giants (Depths:1)
  Donald (Shoals:2)
  8 vault wardens
  6 emperor scorpions
  4 ghost moths (Spider:4)
  3 frost giants
  An orc warlord (Orc:2)
  6 formless jellyfish
  A quicksilver ooze (Slime:1)
  2 war gargoyles (Vaults:1)
  11 ironbound preservers
  2 very ugly things (Depths:2)
  The ghost of topfpfpflanze the Eclecticist, a journeyman FeCj of Vehumet (Spider:1)
  2 ironbound thunderhulks
  3 stone giants
  A vampire knight (Depths:1)
  A deep elf demonologist (Vaults:2)
  A broodmother (Spider:1)
  5 dire elephants
  A minotaur (Gauntlet)
  3 spark wasps
  Snorg (D:11)
  6 ettins
  2 crystal guardians (Vaults:4)
  A fire dragon (D:12)
  7 merfolk javelineers
  6 merfolk impalers
  6 yaktaur captains
  Fannar (D:12)
  5 entropy weavers
  Erolcha (D:12)
  5 great orbs of eyes
  7 hydras
  3 ice dragons (Depths:1)
  26 vault guards
  A spriggan air mage (Depths:1)
  An ogre mage (Vaults:3)
  2 rakshasas
  2 merfolk avatars
  3 peacekeepers
  8 ironbound frosthearts
  A jorogumo (Spider:1)
  8 two-headed ogres
  11 boulder beetles
  2 radroaches
  2 alligator snapping turtles
  A dancing weapon (D:14)
  14 centaur warriors
  A death knight (D:12)
  A naga warrior (Abyss:2)
  3 deep troll earth magi (Depths:1)
  8 merfolk aquamancers
  4 death yaks (Gauntlet)
  2 tengu warriors
  8 demonic crawlers
  A satyr (Shoals:4)
  A spriggan berserker (Depths:1)
  A vampire mage (Lair:1)
  Urug (Orc:2)
  2 deep troll shamans (Depths:2)
  An orc high priest (Orc:2)
  3 thrashing horrors (Abyss:2)
  Nergalle (Orc:2)
  A sun demon (Depths:2)
  Sonja (D:13)
  2 soul eaters (Depths:2)
  Amaemon (Lair:1)
  4 skysharks
  3 pharaoh ants
  2 iron trolls (Depths:2)
  A sixfirhy (Gauntlet)
  A sun moth (Spider:2)
  12 orb spiders
  9 ironbound convokers
  30 deep trolls
  6 arcanists
  7 harpies
  13 sea snakes
  8 steelbarb worms
  2 glowing orange brains
  A deep elf pyromancer (Elf:1)
  10 lindwurms
  A tengu zombie (Vaults:3)
  A harpy (shapeshifter) (Vaults:3)
  A necromancer (Vaults:3)
  4 orc knights
  4 deep elf zephyrmancers (Elf:1)
  2 large abominations (Abyss:2)
  20 wolf spiders
  3 orc sorcerers
  Maurice (Orc:2)
  A salamander (D:15)
  2 shining eyes (Slime:1)
  11 cyclopes
  13 manticores
  33 ugly things
  5 merfolk sirens
  5 fauns (Shoals:2)
  A guardian serpent (Abyss:2)
  A kobold blastminer (Orc:2)
  A moth of wrath (Spider:3)
  A worldbinder (Abyss:2)
  2 eyes of devastation (Slime:1)
  4 black mambas
  A guardian serpent (shapeshifter) (Elf:1)
  22 vault sentinels
  19 elephants
  5 torpor snails
  3 smoke demons
  8 water nymphs
  6 gargoyles
  A cane toad (shapeshifter) (D:13)
  13 cane toads
  6 rime drakes
  2 unseen horrors
  An orange demon (Lair:1)
  3 efreet
  A freezing wraith (D:12)
  21 yaktaurs
  4 komodo dragons
  2 tengu conjurers
  2 ancient zymes (Abyss:2)
  A kobold demonologist (D:9)
  A silent spectre (Abyss:2)
  20 merfolk
  3 meliai (Spider:2)
  7 polar bears
  A queen bee (shapeshifter) (D:13)
  11 trolls
  5 hornets
  3 wind drakes
  A raiju (shapeshifter) (D:15)
  2 glass eyes (Slime:1)
  8 blink frogs
  21 tarantellas
  5 snapping turtles
  25 slime creatures
  An ettin skeleton (Vaults:3)
  17 dream sheep
  4 shadows
  30 jumping spiders
  2 vampires
  2 air elementals (Elf:1)
  22 culicivoras
  3 wraiths
  A ynoxinul (Abyss:2)
  43 yaks
  8 wyverns
  A wyvern (shapeshifter) (D:15)
  A fire elemental (Elf:1)
  A human (Lair:1)
  A neqoxec (Abyss:2)
  8 water elementals
  3 basilisks
  3 hogs (Lair:4)
  4 steam dragons
  45 redbacks
  10 vampire mosquitoes
  Edmund (D:4)
  3 wargs
  3 nagas (Abyss:2)
  11 water moccasins
  Duvessa (D:4)
  30 orc warriors
  3 acid dragons
  A sky beast (D:6)
  8 black bears
  The ghost of jotaen the Covered, an amateur MiFi (D:3)
  3 ogres
  24 wolves
  12 centaurs
  A phantom (D:6)
  5 starcursed masses (Abyss:2)
  A crocodile (Sewer)
  14 bullfrogs
  3 kobold brigands
  3 gnoll sergeants
  A human skeleton (Vaults:3)
  A scorpion (D:4)
  4 small abominations (Abyss:2)
  4 wights (D:7)
  Dowan (D:4)
  5 killer bees (D:8)
  4 electric eels
  8 howler monkeys
  A howler monkey (shapeshifter) (D:14)
  7 hounds
  5 jellies
  18 orc priests
  An iron imp (Abyss:2)
  Crazy Yiuf (D:3)
  2 iguanas
  2 sleepcaps
  Terence (D:2)
  20 orc wizards
  Robin (D:4)
  9 gnolls
  6 adders
  2 shadow imps
  3 white imps
  3 ufetubi (Gauntlet)
  3 worms
  3 dart slugs
  80 orcs
  17 ball pythons
  9 endoplasms
  2 giant cockroaches
  17 goblins
  12 hobgoblins
  3 quokkas
  5 bats
  4 frilled lizards
  19 kobolds
  5 rats
1351 creatures vanquished.

Vanquished Creatures (collateral kills)
  3 emperor scorpions
  An ironbound preserver (Vaults:2)
  An ironbound thunderhulk (Vaults:1)
  An entropy weaver (Spider:2)
  A yaktaur captain (D:11)
  A vault guard (Vaults:5)
  An ironbound frostheart (Vaults:1)
  2 catoblepae
  The ghost of nitefall the Protected, a journeyman GrEE of Gozag (D:11)
  A steelbarb worm (Spider:2)
  4 deep trolls
  An orc knight (Orc:2)
  An elephant (Lair:5)
  2 gargoyles (Gauntlet)
  A cane toad (Lair:5)
  A rime drake (Lair:5)
  A kobold demonologist (D:11)
  A polar bear (Lair:5)
  A snapping turtle (Lair:5)
  A yak (Lair:5)
  2 orc warriors (Orc:2)
  An orc wizard (Orc:2)
30 creatures vanquished.

Vanquished Creatures (others)
  A lich (Depths:2)
  A spriggan defender (Depths:2)
  A demonic crawler (Spider:2)
  2 deep trolls (Depths:2)
  2 harpies (Shoals:1)
  2 manticores
  3 dream sheep (Shoals:2)
  A jumping spider (Spider:2)
  A spriggan (Depths:2)
  A human (Lair:4)
  A redback (Spider:4)
  4 starspawn tentacles (Abyss:2)
  4 tentacles (Shoals:2)
24 creatures vanquished.

Grand Total: 1405 creatures vanquished

Notes
Turn   | Place    | Note
-------+----------+-------------------------------------------
     0 | D:1      | daxdoom the Minotaur Berserker began the quest for the Orb.
     0 | D:1      | Reached XP level 1. HP: 19/19 MP: 0/0
    20 | D:1      | Found Paybbewk's Weapon Shoppe.
    47 | D:1      | Reached XP level 2. HP: 23/27 MP: 1/1
   102 | D:1      | Reached skill level 1 in Polearms
   834 | D:1      | Reached XP level 3. HP: 33/33 MP: 2/2
  1058 | D:2      | Reached ** piety under Trog
  1143 | D:2      | You fall into a shaft and drop 1 floor!
  1341 | D:2      | Noticed Terence
  1357 | D:2      | Killed Terence
  1358 | D:2      | Reached XP level 4. HP: 40/40 MP: 3/3
  1774 | D:3      | Found a hazy altar of Hepliaklqana.
  2065 | D:3      | Found a runed translucent door.
  2065 | D:3      | Noticed a kobold brigand
  2065 | D:3      | Noticed jotaen's ghost (amateur MiFi)
  2082 | D:3      | Killed jotaen's ghost
  2083 | D:3      | Reached XP level 5. HP: 47/47 MP: 4/4
  2086 | D:3      | Reached XP level 6. HP: 55/55 MP: 5/5
  2230 | D:3      | Found a sacrificial altar of Ru.
  2252 | D:3      | Reached *** piety under Trog
  2440 | D:3      | Found a runed translucent door.
  2441 | D:3      | Noticed Crazy Yiuf
  2450 | D:3      | Killed Crazy Yiuf
  2451 | D:3      | Reached skill level 5 in Fighting
  2516 | D:4      | Found a white marble altar of Elyvilon.
  2640 | D:4      | Noticed Edmund
  2664 | D:4      | Killed Edmund
  2665 | D:4      | Reached skill level 5 in Polearms
  2836 | D:4      | Noticed Dowan
  2836 | D:4      | Noticed Duvessa
  2846 | D:4      | Reached XP level 7. HP: 45/61 MP: 6/6
  2851 | D:4      | Killed Duvessa
  2862 | D:4      | Killed Dowan
  2863 | D:4      | Reached skill level 5 in Armour
  3019 | D:4      | Noticed Robin
  3035 | D:4      | Killed Robin
  3067 | D:4      | Found Esiabip's Jewellery Boutique.
  3254 | D:4      | Found an opulent altar of Gozag.
  3455 | D:5      | Entered Level 5 of the Dungeon
  3593 | D:5      | Found a staircase to the Ecumenical Temple.
  3601 | Temple   | Found a transporter.
  3601 | Temple   | Found a transporter.
  3601 | Temple   | Found a transporter.
  3601 | Temple   | Found a transporter.
  3601 | Temple   | Entered the Ecumenical Temple
  3658 | D:5      | Identified the +6 dagger of the Skies Above {flame, rF+
                  | rCorr Dex+4}
  3855 | D:5      | Found a broken altar of Ashenzari.
  3947 | D:5      | Reached XP level 8. HP: 70/70 MP: 7/7
  3998 | D:5      | Found an ancient bone altar of Kikubaaqudgha.
  4066 | D:5      | Reached skill level 5 in Dodging
  4180 | D:5      | Found an iron altar of Okawaru.
  4214 | D:6      | Found an ornate altar of the Wu Jian Council.
  4251 | D:6      | Reached **** piety under Trog
  4531 | D:6      | Found a glowing drain.
  4540 | Sewer    | Entered a sewer
  4982 | D:6      | Found Zosutuorch's General Store.
  4983 | D:6      | Found Zoveumef's Specific Store.
  5006 | D:6      | Found Zefas's Jewellery Shop.
  5211 | D:6      | Noticed a +0 hand axe
  5211 | D:6      | Noticed a +0 dagger
  5216 | D:6      | Found a hide-covered altar of Uskayaw.
  5232 | D:6      | Reached XP level 9. HP: 65/79 MP: 8/8
  5553 | D:7      | Found a basalt altar of Yredelemnul.
  5689 | D:7      | Found a glowing golden altar of the Shining One.
  5749 | D:7      | Reached skill level 1 in Shields
  5749 | D:7      | HP: 1/80 [orc priest/+0 club (4)]
  6419 | D:7      | Found Ishri's Tremendous Tomes.
  6505 | D:8      | Reached skill level 10 in Polearms
  6679 | D:8      | Reached XP level 10. HP: 89/90 MP: 9/9
  6756 | D:8      | Found a staircase to the Lair.
  6908 | D:8      | Found Axtee's Distillery.
  6951 | D:8      | Found Jemass's Magic Scroll Shoppe.
  7183 | D:8      | Found Yhusuaw's Book Shoppe.
  7442 | D:9      | Identified the +1 broad axe of Mutilation {heavy, Str+6
                  | Dex+3}
  8024 | D:9      | Found a glowing silver altar of Zin.
  8126 | D:9      | Found a sparkling altar of Nemelex Xobeh.
  8470 | D:10     | Entered Level 10 of the Dungeon
  8496 | D:10     | Reached skill level 5 in Shields
  8606 | D:10     | Reached ***** piety under Trog
  8687 | D:10     | Noticed a gargoyle
  8691 | D:10     | Reached XP level 11. HP: 99/99 MP: 10/10
  8940 | D:10     | Found a shadowy altar of Dithmenos.
  9173 | D:10     | Reached skill level 10 in Fighting
  9234 | D:10     | Found a shimmering altar of Xom.
  9514 | D:11     | Noticed a cyan ugly thing
  9522 | D:11     | Killed a cyan ugly thing
  9961 | D:11     | Noticed a two-headed ogre
  9971 | D:11     | Killed a two-headed ogre
  9978 | D:11     | Reached skill level 10 in Armour
 10198 | D:11     | Found a staircase to the Orcish Mines.
 10255 | D:11     | Found a runed translucent gate.
 10256 | D:11     | Found a runed translucent gate.
 10257 | D:11     | Found a runed translucent gate.
 10274 | D:11     | Noticed Snorg
 10284 | D:11     | Killed Snorg
 10311 | D:11     | Found an opulent altar of Gozag.
 10423 | D:11     | Found Fyxaiqov's Assorted Antiques.
 10423 | D:11     | Noticed an orc knight
 10423 | D:11     | Noticed a yaktaur captain
 10424 | D:11     | Noticed nitefall's ghost (journeyman GrEE)
 10717 | D:12     | Noticed Erolcha
 10720 | D:12     | Noticed a fire dragon
 10721 | D:12     | Noticed a boulder beetle
 10724 | D:12     | Killed Erolcha
 10724 | D:12     | Noticed a red ugly thing
 10726 | D:12     | Noticed a four-headed hydra
 10728 | D:12     | Noticed a boulder beetle
 10744 | D:12     | Noticed Fannar
 10869 | D:12     | Killed Fannar
 10869 | D:12     | Received a gift from Trog
 11067 | D:12     | Noticed a two-headed ogre
 11078 | D:12     | Killed a two-headed ogre
 11163 | D:12     | Reached XP level 12. HP: 97/110 MP: 11/11
 11237 | D:12     | Killed a four-headed hydra
 11273 | D:12     | Reached skill level 10 in Dodging
 11358 | D:12     | Killed a boulder beetle
 11359 | D:12     | Reached skill level 10 in Shields
 11403 | D:12     | Noticed a death knight
 11731 | D:12     | Noticed a two-headed ogre
 11740 | D:12     | Killed a two-headed ogre
 11786 | D:11     | Killed nitefall's ghost
 11788 | D:11     | Killed a yaktaur captain
 11958 | Lair:1   | Entered Level 1 of the Lair of Beasts
 11988 | Lair:1   | Noticed Amaemon
 12019 | Lair:1   | Killed Amaemon
 12157 | Lair:1   | Noticed a four-headed hydra
 12171 | Lair:1   | Killed a four-headed hydra
 12255 | Lair:1   | Found a runed translucent door.
 12273 | Lair:1   | Noticed a vampire mage
 12286 | Lair:1   | Killed a vampire mage
 12787 | Lair:1   | Reached XP level 13. HP: 111/119 MP: 12/12
 13305 | Lair:2   | Found a hole to the Spider Nest.
 13936 | Lair:2   | Found a staircase to the Shoals.
 13979 | Lair:2   | Noticed Gastronok
 13997 | Lair:2   | Killed Gastronok
 14305 | Lair:3   | Received a gift from Trog
 15323 | Lair:4   | Noticed Kirke
 15361 | Lair:4   | Killed Kirke
 15903 | Lair:4   | You are sucked into a shaft and drop 1 floor!
 15903 | Lair:5   | Entered Level 5 of the Lair of Beasts
 15947 | Lair:5   | Reached XP level 14. HP: 14/130 MP: 13/13
 15968 | Lair:5   | Found a viscous altar of Jiyva.
 15968 | Lair:5   | Found a staircase to the Slime Pits.
 16940 | Lair:5   | Reached skill level 15 in Shields
 17038 | Spider:1 | Entered Level 1 of the Spider Nest
 17056 | Spider:1 | Noticed Roxanne
 17245 | D:1      | Bought the +8 lance "Wyrmbane" {slay drac, rPois rF+ rC+
                  | AC+3} for 888 gold pieces
 17245 | D:1      | Found the +8 lance "Wyrmbane" {slay drac, rPois rF+ rC+
                  | AC+3}
 17715 | Lair:5   | Received a gift from Trog
 19618 | Slime:1  | Entered Level 1 of the Pits of Slime
 19620 | Slime:1  | Noticed a quicksilver ooze
 19633 | Slime:1  | Killed a quicksilver ooze
 19648 | Slime:1  | Reached skill level 15 in Fighting
 19683 | Slime:1  | Noticed an azure jelly
 19692 | Slime:1  | Gained mutation: Your spells are a little easier to cast,
                  | but a little less powerful. [a shining eye]
 19784 | Spider:1 | Noticed Mlioglotl
 19942 | Orc:1    | Entered Level 1 of the Orcish Mines
 20181 | Orc:2    | Entered Level 2 of the Orcish Mines
 20214 | Orc:2    | Noticed Maurice
 20224 | Orc:2    | Killed Maurice
 20282 | Orc:2    | Noticed Urug
 20303 | Orc:2    | Killed Urug
 20407 | Orc:2    | Noticed an orc warlord
 20436 | Orc:2    | Noticed Nergalle
 20481 | Orc:2    | Reached skill level 15 in Armour
 20506 | Orc:2    | Killed Nergalle
 20518 | Orc:2    | Killed an orc warlord
 20781 | Orc:2    | Found Cinn's Book Emporium.
 20783 | Orc:2    | Found Digoeb's Antique Armour Emporium.
 20868 | Orc:2    | Bought a polished hat for 297 gold pieces
 20868 | Orc:2    | Identified the +0 hat "Sousiff" {rPois Will+ Int-5 Dex+4}
                  | (You bought it in a shop on level 2 of the Orcish Mines)
 20879 | Orc:2    | Lost intelligence.
 20889 | Orc:2    | Found Lircha's General Store.
 20933 | Orc:2    | Found Liurhouh's Antique Weapon Emporium.
 21103 | Orc:2    | Found a staircase to the Elven Halls.
 21227 | Orc:2    | Reached XP level 15. HP: 136/141 MP: 14/14
 21576 | Elf:1    | Entered Level 1 of the Elven Halls
 21579 | Elf:1    | Paralysed by an air elemental for 1 turns
 21582 | Elf:1    | Paralysed by an air elemental for 1 turns
 21588 | Elf:1    | Paralysed by an air elemental for 1 turns
 21594 | Elf:1    | Received a gift from Trog
 21595 | Elf:1    | Paralysed by an air elemental for 1 turns
 21947 | D:12     | Identified the +1 war axe "Secsem" {elec, rN+}
 22684 | D:6      | Bought the ring "Adian" {rN+ rCorr SInv} for 445 gold
                  | pieces
 23242 | D:13     | Noticed Sonja
 23255 | D:13     | Killed Sonja
 24242 | D:14     | Reached skill level 15 in Dodging
 24462 | D:14     | Found a gate to the Vaults.
 24480 | D:14     | Found a shimmering blue altar of Sif Muna.
 24786 | D:14     | Found a runed translucent door.
 24794 | D:14     | Noticed a storm dragon
 24794 | D:14     | Noticed a frost giant
 24895 | D:15     | Entered Level 15 of the Dungeon
 25039 | D:15     | Found a staircase to the Depths.
 25212 | D:15     | Found a gate leading to a gauntlet.
 25217 | Gauntlet | Entered a Gauntlet
 25217 | Gauntlet | Found a transporter.
 25217 | Gauntlet | Found a transporter.
 25220 | Gauntlet | Found a transporter.
 25220 | Gauntlet | Found a transporter.
 25239 | Gauntlet | Found a transporter.
 25245 | Gauntlet | Found a runed translucent gate.
 25247 | Gauntlet | Found a transporter.
 25248 | Gauntlet | Found a runed translucent gate.
 25249 | Gauntlet | Found a runed translucent gate.
 25251 | Gauntlet | Found a transporter.
 25259 | Gauntlet | Found a transporter.
 25259 | Gauntlet | Found the +13 scythe of Curses {drain, curses, Drain}
 25276 | Gauntlet | Found a transporter.
 25291 | Gauntlet | Found a transporter.
 25303 | Gauntlet | Found a transporter.
 25347 | Gauntlet | Received a gift from Trog
 25356 | Gauntlet | Reached ****** piety under Trog
 25395 | Gauntlet | Found a transporter.
 25656 | Gauntlet | Identified the ring "Dadiv" {Str+3 Slay+4}
 25693 | Gauntlet | Identified the +10 flail of Defilement {freeze, rPois}
 25799 | Gauntlet | Identified the +3 dagger "Rummage" {freeze, Will++ SInv}
 26144 | D:12     | Identified the +0 leather armour "Waeho" {rF+ Int+4 SInv}
 26150 | D:12     | Reached XP level 16. HP: 155/155 MP: 15/15
 26214 | D:11     | Bought a pair of runed boots for 225 gold pieces
 26388 | Spider:1 | Killed Mlioglotl
 26420 | Shoals:1 | Entered Level 1 of the Shoals
 26987 | Shoals:1 | Found Xipie's Antique Weapon Emporium.
 27482 | Shoals:2 | Found a gateway to a bazaar.
 27737 | Shoals:2 | Noticed Donald
 27757 | Shoals:2 | Killed Donald
 27858 | Shoals:2 | Received a gift from Trog
 28320 | Shoals:2 | Noticed a kraken
 28350 | Shoals:2 | Killed a kraken
 29621 | Shoals:3 | Found a runed translucent door.
 29639 | Shoals:3 | Noticed jotaen's ghost (adept MiFi)
 29696 | Shoals:3 | Killed jotaen's ghost
 29904 | Shoals:4 | Entered Level 4 of the Shoals
 30787 | Shoals:4 | Got a barnacled rune of Zot
 30939 | Shoals:4 | Reached XP level 17. HP: 86/166 MP: 16/16
 30943 | Shoals:4 | Received a gift from Trog
 31333 | Shoals:4 | Identified the +5 falchion of Yherghao {protect, *Corrode
                  | rC++ Str+3}
 31392 | Shoals:4 | Identified the ring of Qonug {rN+ Will- Str+6 Int+6}
 32804 | Spider:1 | Found a runed translucent door.
 32804 | Spider:1 | Noticed topfpfpflanze's ghost (journeyman FeCj)
 32829 | Spider:1 | Killed topfpfpflanze's ghost
 33326 | Spider:1 | Killed Roxanne
 33985 | D:8      | Bought a scroll of enchant weapon for 82 gold pieces
 33985 | D:8      | Bought a scroll of teleportation for 33 gold pieces
 33985 | D:8      | Bought a scroll of enchant armour for 82 gold pieces
 33985 | D:8      | Bought a scroll of silence for 104 gold pieces
 33985 | D:8      | Bought a scroll of enchant weapon for 82 gold pieces
 33985 | D:8      | Bought a scroll of fog for 44 gold pieces
 34103 | Spider:2 | Received a gift from Trog
 35500 | Spider:2 | Reached skill level 15 in Polearms
 35746 | Spider:2 | Identified the +5 short sword "Ihofyaq" {venom, rElec rC+++
                  | Dex-4 Stlth+}
 35855 | Spider:2 | Identified the ring "Qilubiocs" {Wiz rPois Int+9}
 36322 | Spider:3 | Received a gift from Trog
 37117 | Spider:3 | Identified the +10 dagger of Putrescence {heavy, rF+ Int-2
                  | Dex+4}
 37397 | Spider:4 | Entered Level 4 of the Spider Nest
 38003 | Spider:4 | Found a runed translucent door.
 38036 | Spider:4 | Noticed Vetyenn's ghost (adept HOFi)
 38072 | Spider:4 | Killed Vetyenn's ghost
 38113 | Spider:4 | Reached XP level 18. HP: 86/178 MP: 17/17
 38752 | Spider:4 | Received a gift from Trog
 39111 | Spider:4 | Paralysed by a hornet for 2 turns
 39363 | Spider:4 | Got a gossamer rune of Zot
 39663 | Vaults:1 | Entered Level 1 of the Vaults
 41060 | Vaults:1 | Received a gift from Trog
 41707 | Vaults:1 | Identified the ring of the Manifold Wonders {Drain EV+5
                  | Int+5}
 41799 | Vaults:2 | Noticed Saint Roka
 42548 | Vaults:2 | Received a gift from Trog
 42591 | Vaults:2 | Reached XP level 19. HP: 161/191 MP: 18/18
 43458 | Vaults:2 | Killed Saint Roka
 44375 | Vaults:2 | Found Jom Rid's Antique Armour Emporium.
 44406 | Vaults:2 | Bought a glowing plate armour for 598 gold pieces
 44941 | Vaults:3 | Found Bugoet's Armour Shoppe.
 44974 | Vaults:3 | Received a gift from Trog
 46436 | Vaults:3 | Found a staircase to the Crypt.
 46436 | Vaults:3 | Found an ancient bone altar of Kikubaaqudgha.
 46436 | Vaults:3 | Found a basalt altar of Yredelemnul.
 47045 | Vaults:3 | Identified the +4 glaive of Eternal Night {heavy, Fragile
                  | Will+ rCorr SInv} (Trog gifted it to you on level 3 of the
                  | Vaults)
 47045 | Vaults:3 | Received a gift from Trog
 47400 | Vaults:4 | Noticed Xtahua
 47406 | Vaults:4 | Paralysed by Xtahua for 3 turns
 47421 | Vaults:4 | Killed Xtahua
 47589 | Vaults:4 | Noticed Sojobo
 47592 | Vaults:4 | Paralysed by an air elemental for 1 turns
 47599 | Vaults:4 | Paralysed by an air elemental for 1 turns
 47605 | Vaults:4 | Paralysed by an air elemental for 1 turns
 47610 | Vaults:4 | Paralysed by an air elemental for 1 turns
 47613 | Vaults:4 | Paralysed by an air elemental for 1 turns
 47615 | Vaults:4 | Paralysed by an air elemental for 1 turns
 47618 | Vaults:4 | Paralysed by an air elemental for 1 turns
 47629 | Vaults:4 | Killed Sojobo
 48824 | Vaults:4 | Reached XP level 20. HP: 182/204 MP: 19/19
 49038 | Vaults:4 | Received a gift from Trog
 49186 | Vaults:4 | Found Ynittub's Book Boutique.
 49383 | Vaults:5 | Entered Level 5 of the Vaults
 50075 | Abyss:2  | Cast into level 2 of the Abyss (a deep elf sorcerer)
 50347 | Abyss:2  | Noticed a bone dragon
 50376 | Abyss:2  | Killed a bone dragon
 50399 | Vaults:4 | Escaped the Abyss
 51007 | Depths:1 | Entered Level 1 of the Depths
 51171 | Depths:1 | Received a gift from Trog
 51310 | Depths:1 | Found a burning altar of Makhleb.
 51329 | Depths:1 | Found a glowing golden altar of the Shining One.
 51358 | Depths:1 | You are sucked into a shaft and drop 1 floor!
 51430 | Depths:2 | HP: 5/209 [sun demon (7)]
 51435 | Depths:2 | HP: 3/209 [poisoned by a balrug]
 51989 | Depths:2 | Noticed the Enchantress
 51997 | Abyss:3  | Cast into level 3 of the Abyss (the Enchantress)
 52009 | Abyss:3  | Found a corrupted altar of Lugonu.
 52019 | Depths:2 | Escaped the Abyss
 52364 | Depths:1 | Found a gateway to Hell.
 52504 | Depths:1 | Noticed Nikola
 52556 | Depths:1 | Killed Nikola
 53102 | Depths:1 | Found a shimmering blue altar of Sif Muna.
 53875 | Slime:1  | HP: 6/211 [acid blob/splash of acid (10)]
 53875 | Slime:1  | Demolished by a very large slime creature

Illustrated notes

Levels and vault maps discovered:
D:1:      erik_arrival_triangle_huge, layout_basic, serial_shops, shop
D:2:      layout_loops_ring, uniq_terence
D:3:      layout_rooms, nicolae_ru_great_annihilating_truth,
          general_overflow_altar, ebering_ghost_inner_flame,
          uniq_crazy_yiuf_cottage
D:4:      layout_loops_ring, grunt_gozag_breadcrumbs, amcnicky_altar_gilded,
          serial_shops, shop_fountains, minmay_misc_feat_columns, uniq_robin,
          uniq_edmund, uniq_duvessa
D:5:      layout_basic, lemuel_doored_altar, lemuel_round_altar,
          okawaru_altar_gauntlet_db, minmay_temple_entry_arrows
D:6:      layout_basic, nzn_wu_jian_contemplation, dancing_weapons_uskayaw,
          serial_shops, nicolae_square_shop, cheibrodos_sewer_entry_sluice,
          nicolae_specific_store, hangedman_abyss_or_decor_lesser_grid
D:7:      layout_basic, mainiacjoe_overflow_concentric_impassable,
          overflow_temple_1_default, nicolae_shop_i_like_big_books
D:8:      layout_cave_pods, minmay_lair_entry_grove, serial_shops,
          nicolae_shop_temple_entry_statues_fountains, shop, kennysheep_mini
D:9:      layout_basic, kennysheep_little_box, kennysheep_mini_moat,
          hangedman_corner_corridor
D:10:     layout_big_octagon, mainiacjoe_overflow_tiny_flanked,
          mainiacjoe_overflow_surrounded_room, minmay_misc_feat_tiny
D:11:     layout_cave_pools, david_orc_5, ebering_ghost_gozag, uniq_snorg
D:12:     layout_basic, nicolae_two_hexagons,
          minmay_the_grid_square_5x5_3x3_mashed
          [minmay_the_grid_square_5x5_pentomino_r,
          minmay_the_grid_square_5x5_longway,
          minmay_the_grid_square_5x5_shrine1,
          minmay_the_grid_square_5x5_checkered_statues,
          minmay_the_grid_square_5x5_megaprize_checkered,
          minmay_the_grid_square_5x5_checkered_sparse,
          minmay_the_grid_square_5x5_percent,
          minmay_the_grid_square_5x5_dogpile,
          minmay_the_grid_square_5x5_hollow_slash], uniq_erolcha, uniq_fannar
D:13:     layout_basic, serial_corexii_hall, corexii_hall_statues_deadend,
          chequers_hall_statues_wall_a, small_statue_alley_a, uniq_sonja
D:14:     layout_irregular_city, erik_vaults_1, lemuel_round_altar,
          serial_library_hellmonk_open_square, minmay_hidden_floor
D:15:     hangedman_depths_entry_try_elsewhere_first, layout_rooms,
          gauntlet_entry_generic
Temple:   hellmonk_temple_divided_pantheon
Lair:1:   layout_regular_city, pdpol_lair_cabin_in_the_woods, uniq_amaemon
Lair:2:   beast_lair_carwin_large_2, layout_long_grid,
          mainiacjoe_shoals_entry_four_pools, dummy_spider_entry,
          serial_bayou_shore_b, infiniplex_staircase_pool, uniq_gastronok
Lair:3:   layout_roguey
Lair:4:   layout_cave_pods, patterned_corridor, lemuel_fruit_tree, uniq_kirke
Lair:5:   gammafunk_lair_ancient_temple, layout_cave_pods, slime_entry_1
Shoals:1: layout_shoals, serial_shops, nicolae_shop_back_alley_shop
Shoals:2: layout_shoals, serial_shops, freezing_bzr, uniq_donald
Shoals:3: layout_shoals, ebering_ghost_reflecting_pool
Shoals:4: shoals_end_grunt_ice, layout_shoals
Spider:1: layout_spider_delve, hellmonk_ghost_happy_afterlife, uniq_roxanne,
          uniq_mlioglotl
Spider:2: nicolae_spider_hilbert_zone_3 [nicolae_spider_hilbert_4_sides_2_open,
          nicolae_spider_hilbert_3_sides_1_open,
          nicolae_spider_hilbert_3_sides_1_open,
          nicolae_spider_hilbert_3_sides_1_open,
          nicolae_spider_hilbert_3_sides_1_open,
          nicolae_spider_hilbert_4_sides_1_open,
          nicolae_spider_hilbert_4_sides_1_open,
          nicolae_spider_hilbert_4_sides_1_open,
          nicolae_spider_hilbert_4_sides_1_open,
          nicolae_spider_hilbert_4_sides_1_open,
          nicolae_spider_hilbert_4_sides_1_open,
          nicolae_spider_hilbert_4_sides_1_open,
          nicolae_spider_hilbert_4_sides_1_open,
          nicolae_spider_hilbert_3_sides_1_open,
          nicolae_spider_hilbert_3_sides_1_open,
          nicolae_spider_hilbert_3_sides_1_open,
          nicolae_spider_hilbert_3_sides_1_open]
Spider:3: layout_chambers, einodemon_crawler_minivault
Spider:4: spider_rune_water, ebering_ghost_reflecting_pool
Slime:1:  layout_caves, nicolae_slime_getting_an_eyeful
Orc:1:    layout_diamond_mine, serial_shops, shop, shop, shop, shop,
          basic_altar, nicolae_orc_lava_room
Orc:2:    grunt_orc_cross, layout_diamond_mine, uniq_maurice
Elf:1:    nicolae_elf_arrival_aired_out, layout_gridlike, minmay_elf_demonology
Vaults:1: nicolae_vaults_circle_grid_b, serial_ice_g, hangedman_vaults_nails,
          hangedman_vaults_maws, v_misc_5, nicolae_vaults_trapezoid_3,
          nicolae_vaults_storage_room_statues, nicolae_vaults_double_plus_2,
          vaults_dpeg_encased_lava, ontoclasm_vaults_pinch,
          nicolae_vaults_tetromino_Z_1, vaults_dpeg_emergency_exit,
          layout_vaults_omnicross
Vaults:2: nicolae_vaults_double_plus_2, nicolae_vaults_trapezoid_lopsided_2,
          nicolae_vaults_tetromino_Z_2, nicolae_vaults_variable_pillar_hall,
          hangedman_vaults_snaps, nicolae_vaults_sesquioval_fish,
          grunt_vaults_diagonal, nicolae_vaults_tetromino_T_2,
          nicolae_vaults_storage_closets_2, layout_vaults_omnigrid,
          serial_shops, nicolae_shop_behind_doors, uniq_saint_roka
Vaults:3: nicolae_vaults_shrinking_rooms_2, nicolae_vaults_inception_scallops,
          nicolae_vaults_circle_grid_b, v_misc_26,
          nicolae_vaults_diagonal_hallway_7, minmay_crypt_entry_necro_gods,
          nicolae_vaults_double_plus_1, ontoclasm_vaults_ring_square,
          nicolae_vaults_trapezoid_1, nicolae_vaults_double_plus_1,
          nicolae_vaults_antechamber_and_loot_room, vaults_mumra_lcd,
          nicolae_vaults_tetromino_Z_2, nicolae_vaults_surprise_closet,
          v_misc_22, layout_vaults_big_room, serial_shops, shop
Vaults:4: v_misc_11, v_misc_24, ontoclasm_vaults_claustrophobia,
          nicolae_vaults_double_plus_1, nicolae_vaults_meiosis,
          hangedman_vaults_stagger, ontoclasm_vaults_idyll,
          hangedman_vaults_impose, v_misc_13, vaults_dpeg_hooks,
          dpeg_vaults_monster_box, layout_vaults_omnibox, serial_shops, shop,
          uniq_xtahua, uniq_sojobo
Vaults:5: uniq_bai_suzhen
Depths:1: layout_gridville, hell_entry, serial_sigils,
          serial_sigils_hangedman_clutch, serial_sigils_hangedman_stare,
          serial_sigils_hangedman_writhe, serial_sigils_hangedman_snap,
          led_sif_pool, hangedman_abyss_or_decor_passed, nzn_life_drinkers,
          uniq_nikola
Depths:2: hangedman_elemental_death_ray, layout_honeycomb, hellmouth_3,
          rand_demon_pan_entry_5, minmay_fountain_box, uniq_enchantress

Skill      XL: |  1  2  3  4  5  6  7  8  9 10 11 12 13 14 15 16 17 18 19 20 |
---------------+-------------------------------------------------------------+-----
Polearms       | 1 2 3 4 5 6 8 10 11 12 13 15 | 15.8
Fighting       | 4 5 6 7 8 9 11 12 13 15 17 18 19 21 23 25 | 25.2
Armour         | 3 4 5 6 8 9 10 12 13 15 16 18 19 21 23 25 | 25.0
Dodging        | 3 4 6 7 8 9 11 12 13 15 16 17 18 | 18.0
Shields        | 3 5 9 12 14 15 | 15.0
Axes           | |  3.7

Action                     |  1- 3 |  4- 6 |  7- 9 | 10-12 | 13-15 | 16-18 | 19-21 || total
---------------------------+-------+-------+-------+-------+-------+-------+-------++-------
  Melee: Hand axe          |     9 |       |       |       |       |       |       ||     9
         Headbutt          |    10 |    18 |    68 |   148 |   483 |   763 |   609 ||  2099
         Spear             |    94 |   159 |   449 |   713 |   587 |       |       ||  2002
         Punch             |     1 |       |       |       |       |       |       ||     1
         Lance             |       |       |       |       |  1021 |  2493 |  1785 ||  5299
  Throw: Dart              |       |     8 |    39 |    10 |       |       |       ||    57
 Invoke: Berserk           |     1 |     2 |     3 |     9 |     6 |     2 |     2 ||    25
         Trog's Hand       |       |       |     2 |       |       |     1 |     2 ||     5
         Brothers in Arms  |       |       |       |     1 |     3 |     4 |     2 ||    10
  Evoke: Wand              |       |       |       |     1 |     9 |    62 |     3 ||    75
    Use: Scroll            |       |     3 |    13 |    10 |    11 |    13 |    14 ||    64
         Potion            |       |       |       |     1 |     3 |     5 |     7 ||    16
   Stab: Paralysed         |       |     2 |       |       |       |       |       ||     2
         Distracted        |       |       |       |     1 |       |     1 |       ||     2
         Petrified         |       |       |       |       |     1 |       |       ||     1
 Armour: Animal skin       |     8 |       |       |       |       |       |       ||     8
         Leather armour    |    30 |       |       |       |       |       |       ||    30
         Scale mail        |       |    19 |       |       |       |       |       ||    19
         Plate armour      |       |    48 |   245 |   312 |   563 |  1029 |   749 ||  2946
  Dodge: Dodged            |    41 |    49 |   113 |   183 |   311 |   604 |   375 ||  1676
  Block: Kite shield       |       |       |    53 |   306 |  1167 |  2304 |  1285 ||  5115
         Reflection        |       |       |       |       |    38 |    59 |    64 ||   161

Table legend: (Time is in decaauts)
 A = Elapsed time spent in this place.
 B = Non-inter-level travel time spent in this place.
 C = Inter-level travel time spent in this place.
 D = Time resting spent in this place.
 E = Time spent auto-exploring this place.
 F = Levels seen in this place.
 G = Mean time per level.
                   A        B        C        D        E       F      G
               +--------+--------+--------+--------+--------+-----+--------+
         Total |  52172 |  48174 |   3998 |  11461 |  13052 |  44 | 1185.7 |
       Dungeon |  17748 |  15805 |   1943 |   2725 |   5387 |  15 | 1183.2 |
        Temple |      1 |      1 |      0 |      0 |      0 |   1 |    1.0 |
          Lair |   6979 |   5971 |   1008 |    504 |   1767 |   5 | 1395.8 |
        Shoals |   5116 |   4942 |    174 |   1097 |   1789 |   4 | 1279.0 |
   Spider Nest |   6112 |   5951 |    161 |   1756 |   1514 |   4 | 1528.0 |
    Slime Pits |    264 |    264 |      0 |     50 |      0 |   1 |  264.0 |
  Orcish Mines |   1971 |   1702 |    269 |    318 |    513 |   2 |  985.5 |
   Elven Halls |    250 |    249 |      1 |    172 |      0 |   1 |  250.0 |
        Vaults |  10216 |   9831 |    385 |   3555 |   1410 |   5 | 2043.2 |
        Depths |   2123 |   2070 |     53 |    925 |    502 |   2 | 1061.5 |
         Abyss |    288 |    288 |      0 |     92 |      0 |   2 |  144.0 |
         Sewer |    521 |    521 |      0 |    134 |    108 |   1 |  521.0 |
      Gauntlet |    577 |    577 |      0 |    130 |     62 |   1 |  577.0 |
               +--------+--------+--------+--------+--------+-----+--------+

Top non-repeatable levels by time:
Vaults:4: 2855 daAuts
Vaults:2: 2839 daAuts
    D:12: 2695 daAuts
Vaults:1: 2303 daAuts
Vaults:3: 2199 daAuts
     D:9: 1915 daAuts
Spider:4: 1780 daAuts
Shoals:4: 1757 daAuts
Spider:2: 1743 daAuts
   Orc:2: 1684 daAuts
  Lair:1: 1576 daAuts
  Lair:4: 1474 daAuts
Spider:3: 1471 daAuts
  Lair:2: 1443 daAuts
    D:11: 1436 daAuts
